Cogmind - Beta 14 @@@ ROGUE MODE // 2024.10.24 @ 20:06:01 Player: leiavoia Result: Destroyed by WP-UZR(z) with Zionite Laser-S Performance ------------- Evolutions (4) 2000 Regions Visited (17) 3400 Robots Destroyed (162) 810 Value Destroyed (4208) 4208 Prototype IDs (219) 4380 Alien Tech Used (1) 200 Bonus (4702) 4702 TOTAL SCORE: 19700 Bonus ------- High Alert Combat Kills 599 Follower Combat Kills 188 Entered Garrisons 200 Met Data Miner 300 Used Data Conduit 3000 Met Imprinter 300 Acquired ECA 300 Friendly Fire -185 Cogmind --------- Core Integrity 0/850 Matter 204/300 Energy 97/100 System Corruption 0% Temperature Cool (70) Movement Core (100) Ox1 Location -6/Deep Caves Parts ------- > --- POWER (2) -------- (None) > --- PROPULSION (5) --- (None) > --- UTILITY (7) ------ Improved Sensor Array > --- WEAPON (2) ------- CR-A16's Pointy Stick > --- INVENTORY (5) ---- Structural Scanner Advanced Signal Interpreter Improved Terrain Scanner Seismic Detector System Mapper Peak State ------------ > --- POWER ------------ Light Nuclear Core Light Angular Momentum Engine > --- PROPULSION ------- Airjet Gravmag System Combat Airjet Gravmag Array > --- UTILITY ---------- Large Storage Unit Experimental Melee Analysis Suite Hardened Light Armor Plating Deep Network Scanner Ghost Barrier Bomb Factory No. 2 > --- WEAPON ----------- Phasing Sabre CR-A16's Pointy Stick > --- INVENTORY -------- Micro Nuclear Core Antigrav System Improved Heat Sink Trap Scanner Advanced Signal Interpreter Improved Terrain Scanner Advanced Terrain Scan Processor Seismic Detector Makeshift Transmission Jammer Improved Hacking Suite System Mapper Improved Trap Extractor Heavy Plasma Cannon Heavy Machine Gun Long-range Missile Launcher [Rating: 88] Favorites ----------- Power Ion Engine Engine Ion Engine Power Core Micro Nuclear Core Propulsion Light Treads Treads Light Treads Leg Aluminum Leg Wheel Wheel Hover Unit Airjet Flight Unit VTOL Module Utility Cargo Storage Unit Device Improved Sensor Array Storage Cargo Storage Unit Processor Improved Signal Interpreter Hackware Deep Network Scanner Protection Hardened Light Armor Plating Weapon Spread Laser Energy Gun Spread Laser Energy Cannon Heavy Particle Cannon Ballistic Gun Enhanced Autogun Ballistic Cannon Light Cannon Launcher Grenade Launcher Impact Weapon Heavy Hammer Slashing Weapon Greatsword Piercing Weapon CR-A16's Pointy Stick Special Melee Weapon Improved Datajack Build | -11 -10 -10 -10 -9 -8 -8 -8 -7 -7 -7 -7 -6 -6 -6 -6 -6 -6 ------- Run | Yrd Mat Min Exi Min Mat Gar Mat Fac Low Low Dat Pro Fac Low Low Zio Dee Slots Evolved 8 | . . . . . 4 . . 2 . . . . 2 . . . . Power 1 | . . . . . . . . . . . . . 1 . . . . Propulsion 2 | . . . . . 1 . . 1 . . . . . . . . . Utility 5 | . . . . . 3 . . 1 . . . . 1 . . . . Weapon . | . . . . . . . . . . . . . . . . . . Parts Attached 252 | 8 16 6 1 8 6 24 33 29 14 10 3 22 20 9 19 14 10 Power 16 | 1 2 1 . 1 . 1 2 2 . . 1 1 1 1 1 . 1 Engine 10 | 1 2 1 . 1 . 1 1 . . . . 1 1 1 . . . Core 6 | . . . . . . . 1 2 . . 1 . . . 1 . 1 Reactor . | . . . . . . . . . . . . . . . . . . Propulsion 35 | 4 . . . 2 3 3 6 5 1 2 . 1 3 . 4 . 1 Treads 9 | 2 . . . 2 1 1 3 . . . . . . . . . . Leg 2 | 2 . . . . . . . . . . . . . . . . . Wheel 7 | . . . . . 2 2 3 . . . . . . . . . . Hover 15 | . . . . . . . . 5 1 2 . 1 3 . 2 . 1 Flight 2 | . . . . . . . . . . . . . . . 2 . . Utility 105 | 1 6 . . . 3 4 11 17 7 5 2 15 10 4 7 10 3 Device 65 | . 1 . . . 2 3 7 8 5 4 1 11 5 3 4 9 2 Storage 5 | 1 2 . . . . . . 2 . . . . . . . . . Processor 4 | . . . . . . . . 2 . . . . 1 . . 1 . Hackware 6 | . 1 . . . . . . 3 . . . . 2 . . . . Protection 25 | . 2 . . . 1 1 4 2 2 1 1 4 2 1 3 . 1 Artifact . | . . . . . . . . . . . . . . . . . . Weapon 96 | 2 8 5 1 5 . 16 14 5 6 3 . 5 6 4 7 4 5 Energy Gun 19 | 1 6 2 1 3 . 6 . . . . . . . . . . . Energy Cannon 23 | . . . . . . 5 4 1 1 1 . 1 4 1 4 . 1 Ballistic Gun 9 | 1 . . . . . 1 4 1 1 . . . . . . . 1 Ballistic Cannon 2 | . 1 1 . . . . . . . . . . . . . . . Launcher 23 | . 1 2 . 2 . 4 4 . 1 . . 2 1 2 3 . 1 Special Weapon . | . . . . . . . . . . . . . . . . . . Impact Weapon 2 | . . . . . . . . . . . . 1 . . . 1 . Slashing Weapon 10 | . . . . . . . 2 1 2 2 . 1 . . . 1 1 Piercing Weapon 3 | . . . . . . . . . 1 . . . . . . 1 1 Special Melee Weapon 5 | . . . . . . . . 2 . . . . 1 1 . 1 . Unidentified Prototypes 5 | . . . . . . . 1 . . 1 . . 2 . . 1 . Parts Lost 31 | . . 1 . 2 . 3 3 1 . . 2 1 1 . . . 17 Power 4 | . . . . . . . . . . . 1 . . . . . 3 Propulsion 13 | . . . . 2 . 2 2 1 . . . . 1 . . . 5 Utility 7 | . . . . . . . 1 . . . 1 . . . . . 5 Weapon 7 | . . 1 . . . 1 . . . . . 1 . . . . 4 Highest Loss Streak 15 | . . 1 . 1 . 1 2 1 . . 2 1 1 . . . 15 To Critical Strikes . | . . . . . . . . . . . . . . . . . . Average Slot Usage (%) 89 | . 95 85 85 84 88 89 82 99 96 91 91 92 92 87 89 92 82 Engine 9 | . 14 14 14 14 9 9 8 . . . . 3 10 12 9 6 2 Core 1 | . . . . . . . . 7 7 7 6 3 . . 2 6 5 Treads 12 | . 28 28 28 27 9 9 7 . . . . . . . . . . Wheel 3 | . . . . . 18 17 19 . . . . . . . . . . Hover 11 | . . . . . . . . 29 30 34 35 35 27 25 24 25 22 Device 8 | . 1 . . . 16 18 10 12 14 12 8 19 17 12 12 11 12 Storage 9 | . 13 14 14 14 9 9 9 7 7 7 7 7 6 6 6 6 5 Processor 2 | . . . . . . . . 13 7 7 7 7 6 6 6 5 5 Hackware 4 | . 2 . . . . . . 9 7 7 7 3 11 12 12 12 11 Protection 3 | . 5 . . . 9 8 9 . 6 8 12 4 . . 2 6 4 Energy Gun 10 | . 27 20 14 27 18 10 . . . . . . . . . . . Energy Cannon 1 | . . . . . . 4 10 . . . . . 4 . 4 . . Ballistic Cannon 1 | . . 7 14 . . . . . . . . . . . . . . Impact Weapon 1 | . . . . . . . . . . . . 1 6 6 6 1 . Slashing Weapon 1 | . . . . . . . 1 7 6 6 7 5 . . . 2 5 Peak Build Rating 88 | 7 13 13 13 13 20 25 34 44 48 54 55 56 82 87 87 88 82 Average Rating 37 | 5 11 12 12 12 19 22 30 41 44 52 54 53 71 84 82 76 73 On Entrance 38 | . 7 13 12 13 13 20 23 29 43 45 53 52 52 82 86 74 80 Naked Turns . | . . . . . . . . . . . . . . . . . . Heaviest Build 185 | 14 151 151 149 151 160 171 185 36 44 39 39 49 52 62 60 49 48 Greatest Support 52 | 40 40 40 40 40 20 22 40 33 37 49 49 51 52 52 52 49 49 Greatest Overweight (x) 13 | 1 3 3 3 3 7 13 8 1 1 1 . . 1 1 1 . 1 Average Overweight (x) 1 | . . 3 3 3 7 7 6 . . . . . . . 1 . . Largest Inventory Capacity 30 | 8 30 30 30 30 30 30 30 30 15 15 15 15 15 15 15 15 15 Average Capacity 21 | 7 15 30 30 30 30 30 30 15 15 15 15 15 15 15 15 15 14 Most Carried 30 | 8 30 30 30 30 29 30 30 29 15 15 15 15 15 15 15 15 15 Average Carried 21 | 3 13 29 30 29 26 29 29 14 14 14 14 13 14 15 14 14 13 Final Capacity 30 | 8 30 30 30 30 30 30 30 15 15 15 15 15 15 15 15 15 5 Final Carried 30 | 8 30 30 30 30 26 30 30 15 15 15 14 14 15 15 15 15 5 Class Distribution -------------------- 49% | Hauler-Mutant 12% | Hacker-Mutant 10% | Scavenger-Scout 8% | Mutant 5% | Hacker-Scout 4% | Hacker-Assassin 3% | Hacker-Gladiator Dominant Class ---------------- Mutant | -10/Materials Hauler-Mutant | -10/Mines Hauler-Mutant | -10/Exiles Hauler-Mutant | -9/Mines Hauler-Mutant | -8/Materials Hauler-Mutant | -8/Garrison Hauler-Mutant | -8/Materials Scout | -7/Factory Scavenger-Scout | -7/Lower Caves Scavenger-Scout | -7/Lower Caves Scavenger-Mutant | -7/Data Miner Scavenger-Scout | -6/Proximity Caves Hacker-Scout | -6/Factory Hacker-Mutant | -6/Lower Caves Hacker-Mutant | -6/Lower Caves Hacker-Scout | -6/Zion Hacker-Gladiator | -6/Deep Caves Resources | -11 -10 -10 -10 -9 -8 -8 -8 -7 -7 -7 -7 -6 -6 -6 -6 -6 -6 ----------- Run | Yrd Mat Min Exi Min Mat Gar Mat Fac Low Low Dat Pro Fac Low Low Zio Dee Matter Collected 4286 | 322 361 189 20 105 . 558 817 337 145 140 17 183 327 85 465 160 55 Remotely 20 | . . . . . . . 20 . . . . . . . . . . Salvage Created 4917 | 123 421 278 . 313 . 1074 1401 227 84 57 25 . 694 9 160 . 51 Parts 286 | 9 46 25 . 22 . 65 79 12 1 6 4 . 12 1 4 . . Haulers Intercepted 9 | . 2 . . . . . 5 1 . . . . 1 . . . . Recyclers Shooed 2 | . . . . . . . . 2 . . . . . . . . . Parts Field Recycled . | . . . . . . . . . . . . . . . . . . Retrieved Matter . | . . . . . . . . . . . . . . . . . . Parts Self-Destructed 25 | . . . . . . . . . . 2 . . . 5 18 . . Prevented 7 | . . . . . . . . . 1 . . 4 . . 2 . . Kills | -11 -10 -10 -10 -9 -8 -8 -8 -7 -7 -7 -7 -6 -6 -6 -6 -6 -6 ------- Run | Yrd Mat Min Exi Min Mat Gar Mat Fac Low Low Dat Pro Fac Low Low Zio Dee Combat Hostiles Destroyed 112 | . 15 12 . 12 . 31 24 1 . . . . 4 1 8 . 4 Melee 7 | . . . . . . . 1 1 . . . . 1 . . . 4 Guns 41 | . 13 6 . 6 . 11 5 . . . . . . . . . . Cannons 11 | . . 1 . . . 1 8 . . . . . . . 1 . . AOE 52 | . 2 5 . 6 . 19 10 . . . . . 2 1 7 . . Classes Destroyed 21 | 2 6 1 . 1 . 4 1 2 1 1 . . . . 2 . . Worker 12 | . 7 1 . . . . 3 . . . . . 1 . . . . Builder 3 | . . 1 . . . . 1 1 . . . . . . . . . Tunneler 5 | 3 . 1 . 1 . . . . . . . . . . . . . Hauler 9 | . 2 . . . . . 5 1 . . . . 1 . . . . Recycler 13 | 1 . . . 3 . . 4 1 . . . . 4 . . . . Minesweeper 1 | . . . . . . . . . . . . . . . 1 . . Mechanic 1 | . . . . . . . . 1 . . . . . . . . . Operator 4 | . 2 . . . . . 2 . . . . . . . . . . Watcher 7 | . 3 . . . . . 3 . . . . . 1 . . . . Swarmer 50 | . 11 3 . 9 . 15 5 . . . . . 4 1 2 . . Grunt 34 | . 4 9 . . . 11 7 . . . . . . . 3 . . Brawler 2 | . . . . . . 1 1 . . . . . . . . . . Duelist 4 | . . . . . . 1 2 . . . . . . . 1 . . Protector 1 | . . . . . . . 1 . . . . . . . . . . Researcher 1 | . . . . . . . . . . 1 . . . . . . . Sentry 8 | . . . . . . 1 7 . . . . . . . . . . Hunter 3 | . . . . . . 2 1 . . . . . . . . . . Programmer 1 | . . . . . . . . 1 . . . . . . . . . Decomposer 1 | . . . . . . . . . 1 . . . . . . . . Samaritan 1 | . . . . . . . . . 1 . . . . . . . . Thief 2 | . . . . . . . . . . . . . . . 2 . . Assembled 7 | . . . . 3 . . . . . . . . . . . . 4 Best Kill Streak 18 | 3 4 3 . 4 . 18 5 2 . . 1 . 4 1 4 . 3 Combat Bots Only 18 | . 3 3 . 4 . 18 5 1 . . . . 4 1 4 . 3 Max Kills in Single Turn 4 | 1 1 2 . 4 . 4 3 1 1 1 1 . 2 1 3 . 1 Gunslinging 1 | . . 1 . . . . . . . . . . . . . . . Exploded 4 | . 1 2 . 4 . 4 3 . . . . . 1 1 3 . . Melee 1 | . . . . . . . 1 1 . . . . 1 . . . 1 Uniques/NPCs Destroyed 1 | . . . . . . . . . . . 1 . . . . . . Data Miner (-7/Data Miner) Combat | -11 -10 -10 -10 -9 -8 -8 -8 -7 -7 -7 -7 -6 -6 -6 -6 -6 -6 -------- Run | Yrd Mat Min Exi Min Mat Gar Mat Fac Low Low Dat Pro Fac Low Low Zio Dee Hostile Shots Fired 526 | . 47 41 . 30 . 87 85 23 . . 18 27 29 . 28 . 111 Missed 174 | . 10 13 . 9 . 22 25 9 . . 9 14 15 . 10 . 38 Damage Taken 6224 | . 304 391 . 220 . 697 963 223 . . 415 120 193 . 498 . 2200 Core 1310 | . 62 53 . 45 . 125 61 6 . . 92 . . . 63 . 803 Absorbed by Shields 318 | . . . . . . 271 47 . . . . . . . . . . Redirected to Shielding 88 | . . . . . . . . . . . 88 . . . . . . Regen/Repaired (Parts) 128 | . . . . . . . . 91 . . . . 37 . . . . Core Remaining (%) 72 | 100 . . . 36 . . 66 . . . . 86 . . . . . Volleys Fired 396 | 14 56 28 . 24 . 115 89 2 4 1 . 2 4 1 49 . 7 Largest 2 | 2 2 2 . 2 . 2 2 1 1 1 . 1 1 1 1 . 2 Hottest 150 | 70 130 130 . 130 . 150 150 75 75 75 . 39 90 43 90 . 120 Shots Fired 644 | 28 105 41 . 43 . 189 162 2 4 1 . 2 4 1 49 . 13 Gun 408 | 28 98 24 . 41 . 142 68 1 . . . . . . . . 6 Cannon 163 | . 1 10 . . . 28 78 1 4 1 . . 2 . 32 . 6 Launcher 73 | . 6 7 . 2 . 19 16 . . . . 2 2 1 17 . 1 Special . | . . . . . . . . . . . . . . . . . . Kinetic 134 | 14 8 10 . . . 27 68 1 . . . . . . . . 6 Thermal 437 | 14 91 24 . 41 . 143 78 1 4 1 . . 2 . 32 . 6 Explosive 73 | . 6 7 . 2 . 19 16 . . . . 2 2 1 17 . 1 Electromagnetic . | . . . . . . . . . . . . . . . . . . Robot Hit Streak 30 | 6 15 12 . 8 . 30 21 1 . . . . . . 4 . 5 Robot Miss Streak 8 | 2 8 3 . 7 . 5 2 . . . . . . . 4 . 3 Penetration Max 1 | . . . . . . 1 . . . . . . . . . . . Secondary Targets 2 | . 1 1 . . . . . . . . . . . . . . . Max Gunslinging Chain 1 | . 1 1 . . . . . . . . . . . . . . . Shots Hit Robots 464 | 18 76 31 . 37 . 148 93 14 2 1 1 . 14 . 10 . 19 Core Hits 468 | 5 90 46 . 49 . 181 59 4 2 1 1 . 9 1 14 . 6 Critical Kills . | . . . . . . . . . . . . . . . . . . Critical Parts Destroyed 6 | . . . . . . 2 1 . . . . . 3 . . . . Critical Strikes 13 | . 2 1 . . . 4 1 1 . . . . 3 . . . 1 Burn 4 | . 2 . . . . 2 . . . . . . . . . . . Destroy 3 | . . . . . . 2 1 . . . . . . . . . . Blast 1 | . . 1 . . . . . . . . . . . . . . . Smash 3 | . . . . . . . . . . . . . 3 . . . . Sever 2 | . . . . . . . . 1 . . . . . . . . 1 Melee Attacks 182 | . . . . . . . 5 51 11 10 13 16 34 2 20 1 19 Impact 56 | . . . . . . . . . . . . 1 33 2 20 . . Slashing 118 | . . . . . . . 5 47 11 10 13 15 . . . . 17 Piercing 3 | . . . . . . . . . . . . . . . . 1 2 Sneak Attacks 18 | . . . . . . . 1 6 2 1 1 . 6 . 1 . . Combat Hostiles . | . . . . . . . . . . . . . . . . . . Follow-up Attacks . | . . . . . . . . . . . . . . . . . . Damage Inflicted 14757 | 226 999 839 . 686 . 3732 3677 595 170 112 121 . 1087 70 1564 . 879 Guns 4628 | 226 880 300 . 402 . 1987 702 17 . . . . . . . . 114 Cannons 1708 | . 17 106 . . . 400 1050 . . . . . . . 70 . 65 Explosions 5598 | . 96 433 . 284 . 1345 1813 . . . . . 231 70 1279 . 47 Melee 2817 | . . . . . . . 112 578 170 112 121 . 856 . 215 . 653 Ramming 6 | . 6 . . . . . . . . . . . . . . . . Kinetic 1343 | 112 30 106 . . . 262 702 17 . . . . . . . . 114 Thermal 4993 | 114 867 300 . 402 . 2125 1050 . . . . . . . 70 . 65 Explosive 5598 | . 96 433 . 284 . 1345 1813 . . . . . 231 70 1279 . 47 Electromagnetic . | . . . . . . . . . . . . . . . . . . Impact 1071 | . . . . . . . . . . . . . 856 . 215 . . Slashing 1713 | . . . . . . . 112 578 170 112 121 . . . . . 620 Piercing 33 | . . . . . . . . . . . . . . . . . 33 Highest Corruption 1 | . . . . . . . 1 1 1 1 1 1 . . . . . Average Corruption 1 | . . . . . . . 1 1 1 1 1 1 . . . . . Corruption Purged . | . . . . . . . . . . . . . . . . . . Corruption Blocked . | . . . . . . . . . . . . . . . . . . Effects 24 | . . . . . . . 6 4 4 1 1 8 . . . . . Message Errors 4 | . . . . . . . . . . 1 . 3 . . . . . Matter Fused 7 | . . . . . . . 1 1 2 . 1 2 . . . . . Heat Flow Errors 4 | . . . . . . . 2 . 1 . . 1 . . . . . Energy Discharges 2 | . . . . . . . . . 1 . . 1 . . . . . Parts Fused 1 | . . . . . . . . . . . . 1 . . . . . Data Loss (minor) 3 | . . . . . . . 1 2 . . . . . . . . . Misfires 2 | . . . . . . . 2 . . . . . . . . . . Alerts 1 | . . . . . . . . 1 . . . . . . . . . Overload Shots . | . . . . . . . . . . . . . . . . . . Overflow Damage 971 | . . . . . . 63 63 149 . . . . 410 . 224 . 62 Projectiles 15 | . . . . . . . . . . . . . 4 . 11 . . Explosions 169 | . . . . . . 63 63 . . . . . . . 43 . . Melee 787 | . . . . . . . . 149 . . . . 406 . 170 . 62 Knockbacks 6 | . . . . . . . . . . . . . 5 . 1 . . Impact 5 | . . . . . . . . . . . . . 4 . 1 . . Kinetic . | . . . . . . . . . . . . . . . . . . Secondary 1 | . . . . . . . . . . . . . 1 . . . . Self-Inflicted Damage 396 | . . 29 . 8 . 83 49 . . . . . . . 227 . . Shots 13 | . . 2 . 1 . 3 3 . . . . . . . 4 . . Rammed 2 | . 1 . . 1 . . . . . . . . . . . . . Targets Rammed 2 | . 1 . . 1 . . . . . . . . . . . . . Kicked . | . . . . . . . . . . . . . . . . . . Crushed . | . . . . . . . . . . . . . . . . . . Highest Temperature 400 | 72 276 306 . 207 . 156 400 28 142 40 4 231 50 4 208 . 389 Average Temperature 78 | 33 93 89 . 84 . 51 108 14 59 6 3 22 13 3 76 . 178 Received Heat Transfer 1482 | . 18 180 . . . 189 279 99 . . . 48 18 . 57 . 594 Effects 4 | . . . . . . . 3 . . . . . . . . . 1 Shutdowns 1 | . . . . . . . . . . . . . . . . . 1 Energy Bleed 1 | . . . . . . . 1 . . . . . . . . . . Short Circuit 2 | . . . . . . . 2 . . . . . . . . . . Siege Activations . | . . . . . . . . . . . . . . . . . . Robots Corrupted 7 | . . . . . . . . . . . . . 6 . 1 . . Combat Hostiles 2 | . . . . . . . . . . . . . 1 . 1 . . Parts Fried 15 | . . . . . . . . . . . . . 14 . 1 . . Impact Corruptions 18 | . . . . . . . . . . . . . 14 . 4 . . Robots Melted . | . . . . . . . . . . . . . . . . . . Combat Hostiles . | . . . . . . . . . . . . . . . . . . Parts Melted 5 | . 2 . . . . 2 1 . . . . . . . . . . Heat Transferred 7515 | 333 1338 370 . 495 . 3301 1554 . . . . . . . 100 . 24 Parts Sabotaged . | . . . . . . . . . . . . . . . . . . Parts Stolen . | . . . . . . . . . . . . . . . . . . Parts Stripped . | . . . . . . . . . . . . . . . . . . Power Chain Reactions . | . . . . . . . . . . . . . . . . . . Alert | -11 -10 -10 -10 -9 -8 -8 -8 -7 -7 -7 -7 -6 -6 -6 -6 -6 -6 ------- Run | Yrd Mat Min Exi Min Mat Gar Mat Fac Low Low Dat Pro Fac Low Low Zio Dee Peak Influence 1260 | 20 308 165 . 100 33 1260 1023 520 . . . . 305 . . . . Initial 614 | . 13 3 . . 33 21 614 449 . . . . 18 . . . . Average 273 | 8 99 37 . 32 33 655 838 432 . . . . 156 . . . . Maximum Alert Level 4 | . 1 . . . . 4 3 2 . . . . 1 . . . . Low Security (%) 62 | 100 76 100 . 100 100 18 . . . . . . 69 . . . . Level 1 7 | . 23 . . . . . . 23 . . . . 30 . . . . Level 2 13 | . . . . . . 39 19 76 . . . . . . . . . Level 3 14 | . . . . . . 29 80 . . . . . . . . . . Level 4 1 | . . . . . . 11 . . . . . . . . . . . Level 5 . | . . . . . . . . . . . . . . . . . . High Security . | . . . . . . . . . . . . . . . . . . Max Security . | . . . . . . . . . . . . . . . . . . Squads Dispatched 11 | . 1 1 . . 1 . 2 1 . 1 . . 4 . . . . Investigation 3 | . . 1 . . . . . . . 1 . . 1 . . . . Extermination 2 | . . . . . . . . 1 . . . . 1 . . . . Reinforcement 5 | . 1 . . . 1 . 1 . . . . . 2 . . . . Assault 1 | . . . . . . . 1 . . . . . . . . . . Garrison . | . . . . . . . . . . . . . . . . . . Intercept . | . . . . . . . . . . . . . . . . . . Searches Triggered . | . . . . . . . . . . . . . . . . . . Construction Impeded . | . . . . . . . . . . . . . . . . . . Haulers Reinforced . | . . . . . . . . . . . . . . . . . . Active Scanning Responses . | . . . . . . . . . . . . . . . . . . Cargo Convoy Interrupts . | . . . . . . . . . . . . . . . . . . Stealth | -11 -10 -10 -10 -9 -8 -8 -8 -7 -7 -7 -7 -6 -6 -6 -6 -6 -6 --------- Run | Yrd Mat Min Exi Min Mat Gar Mat Fac Low Low Dat Pro Fac Low Low Zio Dee Distress Signals 3 | . 1 . . 1 . . 1 . . . . . . . . . . Communications Jammed . | . . . . . . . . . . . . . . . . . . Distress Signals . | . . . . . . . . . . . . . . . . . . Times Spotted 183 | . 23 14 . 15 1 30 32 12 . 1 4 6 15 4 19 . 7 Peak Tracking Total 8 | . 4 3 . 4 1 8 5 4 . 5 4 3 5 2 5 . 3 Tactical Retreats 29 | . 2 2 . 1 . 2 . 3 . 2 . 4 3 1 9 . . Traps | -11 -10 -10 -10 -9 -8 -8 -8 -7 -7 -7 -7 -6 -6 -6 -6 -6 -6 ------- Run | Yrd Mat Min Exi Min Mat Gar Mat Fac Low Low Dat Pro Fac Low Low Zio Dee Traps Triggered 6 | . . . . . . 4 1 1 . . . . . . . . . Indirectly . | . . . . . . . . . . . . . . . . . . Trap Hack Attempts 70 | . . . . . . . . 68 . . . . 2 . . . . Triggered . | . . . . . . . . . . . . . . . . . . Disarmed 1 | . . . . . . . . 1 . . . . . . . . . Reprogrammed 25 | . 1 . . . . . 6 10 . . . . 8 . . . . Reused 12 | . . . . . . 1 . 2 . . . 3 1 . . . 5 Traps Extracted 8 | . . . . . . . . . 3 . . 4 . . . . 1 Installed 18 | . . . . . . 1 1 2 . . . 7 . . . . 7 Triggered 9 | . . . . . . 1 . 2 1 . . 3 1 . 1 . . Fabricated Traps 2 | . . . . . . . . . . . . . . . . 2 . Most Traps Carried 6 | . . 4 4 4 4 4 4 3 3 3 3 3 . . 4 6 6 Machines | -11 -10 -10 -10 -9 -8 -8 -8 -7 -7 -7 -7 -6 -6 -6 -6 -6 -6 ---------- Run | Yrd Mat Min Exi Min Mat Gar Mat Fac Low Low Dat Pro Fac Low Low Zio Dee Machines Disabled 22 | . 2 1 . . . 10 4 . . 1 . . 2 . 2 . . Max in Single Turn 2 | . 2 1 . . . 1 1 . . 1 . . 1 . 1 . . Garrison Relay 3 | . . . . . . 3 . . . . . . . . . . . Machines Repaired . | . . . . . . . . . . . . . . . . . . Machines Dismantled . | . . . . . . . . . . . . . . . . . . Machines Sabotaged . | . . . . . . . . . . . . . . . . . . Overloaded Fab Kills . | . . . . . . . . . . . . . . . . . . Hacking | -11 -10 -10 -10 -9 -8 -8 -8 -7 -7 -7 -7 -6 -6 -6 -6 -6 -6 --------- Run | Yrd Mat Min Exi Min Mat Gar Mat Fac Low Low Dat Pro Fac Low Low Zio Dee Machines Accessed 36 | . 7 1 1 . 1 2 4 4 . 2 4 . 7 . 3 . . Terminals 15 | . 5 . . . . 2 2 . . 1 . . 4 . 1 . . Fabricators 2 | . . . . . . . . 1 . . . . 1 . . . . Repair Stations 4 | . . . . . . . 1 2 . . . . 1 . . . . Recycling Units 4 | . 2 . . . . . . 1 . . . . 1 . . . . Scanalyzers 1 | . . . . . . . 1 . . . . . . . . . . Garrison Access 1 | . . . . . 1 . . . . . . . . . . . . Total Hacks 121 | . 15 1 1 . 1 4 13 9 . 5 30 . 32 . 10 . . Successful 89 | . 10 1 1 . 1 . 7 6 . 5 30 . 18 . 10 . . Failed 31 | . 4 . . . . 4 6 3 . . . . 14 . . . . Catastrophic 5 | . . . . . . 1 2 1 . . . . 1 . . . . Database Lockouts 1 | . 1 . . . . . . . . . . . . . . . . Manual 25 | . 6 . . . . . 5 . . . . . 10 . . 4 . Terminals 54 | . 12 . . . . 4 7 . . 4 . . 22 . 5 . . Fabricators 8 | . . . . . . . . 2 . . . . 6 . . . . Repair Stations 10 | . . . . . . . 1 6 . . . . 3 . . . . Recycling Units 5 | . 3 . . . . . . 1 . . . . 1 . . . . Scanalyzers 5 | . . . . . . . 5 . . . . . . . . . . Garrison Access 1 | . . . . . 1 . . . . . . . . . . . . Terminal Hacks 65 | . 8 1 1 . . . 2 . . 5 30 . 8 . 10 . . Record 25 | . . . 1 . . . . . . 4 11 . . . 9 . . Part Schematic 13 | . 1 . . . . . . . . . 12 . . . . . . Robot Schematic 4 | . . . . . . . . . . . 4 . . . . . . Robot Analysis 3 | . 3 . . . . . . . . . . . . . . . . Prototype ID Bank 4 | . 1 . . . . . . . . . 3 . . . . . . Open Door 3 | . . 1 . . . . . . . 1 . . . . 1 . . Branch Access Points 1 | . . . . . . . . . . . . . 1 . . . . Emergency Access Points 1 | . . . . . . . . . . . . . 1 . . . . Unreport Threat 2 | . 1 . . . . . 1 . . . . . . . . . . Locate Traps 1 | . 1 . . . . . . . . . . . . . . . . Reprogram Traps 3 | . 1 . . . . . 1 . . . . . 1 . . . . Maintenance Status 1 | . . . . . . . . . . . . . 1 . . . . Surveillance Status 1 | . . . . . . . . . . . . . 1 . . . . Recall Investigation 1 | . . . . . . . . . . . . . 1 . . . . Hauler Manifests 1 | . . . . . . . . . . . . . 1 . . . . Registered Components 1 | . . . . . . . . . . . . . 1 . . . . Fabricator Hacks 3 | . . . . . . . . 1 . . . . 2 . . . . Network Status 1 | . . . . . . . . 1 . . . . . . . . . Load Schematic 1 | . . . . . . . . . . . . . 1 . . . . Build 1 | . . . . . . . . . . . . . 1 . . . . Repair Station Hacks 6 | . . . . . . . . 4 . . . . 2 . . . . Scan Component 4 | . . . . . . . . 3 . . . . 1 . . . . Repair 2 | . . . . . . . . 1 . . . . 1 . . . . Recycling Unit Hacks 4 | . 2 . . . . . . 1 . . . . 1 . . . . Retrieve Components 4 | . 2 . . . . . . 1 . . . . 1 . . . . Scanalyzer 5 | . . . . . . . 5 . . . . . . . . . . Insert Component 2 | . . . . . . . 2 . . . . . . . . . . Analyze 3 | . . . . . . . 3 . . . . . . . . . . Garrison Access Hacks 1 | . . . . . 1 . . . . . . . . . . . . Unlock Access 1 | . . . . . 1 . . . . . . . . . . . . Unauthorized Hacks 5 | . . . . . . . . . . . . . 5 . . . . Terminals 4 | . . . . . . . . . . . . . 4 . . . . Track 1 | . . . . . . . . . . . . . 1 . . . . Assimilate 2 | . . . . . . . . . . . . . 2 . . . . Botnet 1 | . . . . . . . . . . . . . 1 . . . . Fabricators 1 | . . . . . . . . . . . . . 1 . . . . Prioritize 1 | . . . . . . . . . . . . . 1 . . . . Repair Stations . | . . . . . . . . . . . . . . . . . . Recycling Units . | . . . . . . . . . . . . . . . . . . Scanalyzers . | . . . . . . . . . . . . . . . . . . Garrison Access . | . . . . . . . . . . . . . . . . . . Data Cores Recovered 3 | . 1 . . . . . 2 . . . . . . . . . . Used . | . . . . . . . . . . . . . . . . . . Hacking Detections 21 | . 5 . . . . 2 4 3 . 1 . . 5 . 1 . . Full Trace Events 2 | . . . . . . . . . . 1 . . 1 . . . . Feedback Events . | . . . . . . . . . . . . . . . . . . Feedback Blocked . | . . . . . . . . . . . . . . . . . . Robot Schematics Acquired 8 | . . . . . . . . . . . 4 . . . . 4 . Robots Built . | . . . . . . . . . . . . . . . . . . Authchips . | . . . . . . . . . . . . . . . . . . Time . | . . . . . . . . . . . . . . . . . . Total Robot Build Rating . | . . . . . . . . . . . . . . . . . . Part Schematics Acquired 29 | . 1 . . . . . 2 . . . 12 . . . . 14 . Parts Built 1 | . . . . . . . . . . . . . 1 . . . . Authchips . | . . . . . . . . . . . . . . . . . . Time 42 | . . . . . . . . . . . . . 42 . . . . Total Part Build Rating 6 | . . . . . . . . . . . . . 6 . . . . Parts Repaired 2 | . . . . . . . . 1 . . . . 1 . . . . Time 92 | . . . . . . . . 70 . . . . 22 . . . . Parts Recycled . | . . . . . . . . . . . . . . . . . . Recycled Matter . | . . . . . . . . . . . . . . . . . . Retrieved Matter . | . . . . . . . . . . . . . . . . . . Retrieved Components 17 | . 13 . . . . . . 2 . . . . 2 . . . . Parts Scanalyzed 2 | . . . . . . . 2 . . . . . . . . . . Part Schematics Acquired 2 | . . . . . . . 2 . . . . . . . . . . Parts Damaged . | . . . . . . . . . . . . . . . . . . Bothacking | -11 -10 -10 -10 -9 -8 -8 -8 -7 -7 -7 -7 -6 -6 -6 -6 -6 -6 ------------ Run | Yrd Mat Min Exi Min Mat Gar Mat Fac Low Low Dat Pro Fac Low Low Zio Dee Used RIF Installer . | . . . . . . . . . . . . . . . . . . Robots Hacked 1 | . . . . . . . . 1 . . . . . . . . . Non-combat . | . . . . . . . . . . . . . . . . . . Combat 1 | . . . . . . . . 1 . . . . . . . . . Robot Hacks Applied 1 | . . . . . . . . 1 . . . . . . . . . parse_system 1 | . . . . . . . . 1 . . . . . . . . . Relay Couplers Released 12 | . . . . . . 12 . . . . . . . . . . . Machine Destruction 12 | . . . . . . 12 . . . . . . . . . . . Fabnet Peak Effective % . | . . . . . . . . . . . . . . . . . . Robots Rewired . | . . . . . . . . . . . . . . . . . . Allies Hacked . | . . . . . . . . . . . . . . . . . . Hacks Repelled . | . . . . . . . . . . . . . . . . . . Allies | -11 -10 -10 -10 -9 -8 -8 -8 -7 -7 -7 -7 -6 -6 -6 -6 -6 -6 -------- Run | Yrd Mat Min Exi Min Mat Gar Mat Fac Low Low Dat Pro Fac Low Low Zio Dee Total Allies 7 | . . 2 . 4 . . . . . . . . 1 . . . . Largest Group 3 | . . 2 2 3 1 1 . . . . . . . . . . . Highest-Rated Group 50 | . . 50 50 47 16 16 . . . . . . . . . . . Highest-Rated Ally 31 | . . 31 31 31 16 16 . . . . . . . . . . . Total Orders 12 | . . . . . . . . . . . . . 1 10 1 . . EXPLORE 6 | . . . . . . . . . . . . . . 5 1 . . RETURN 6 | . . . . . . . . . . . . . 1 5 . . . Ally Attacks 57 | . . . . 11 . 1 . . . . . . 11 32 2 . . Total Damage 1031 | . . . . 107 . 16 . . . . . . 140 743 25 . . Kills 10 | . . . . 2 . . . . . . . . 1 6 1 . . Allies Corrupted . | . . . . . . . . . . . . . . . . . . Allies Melted . | . . . . . . . . . . . . . . . . . . Intel | -11 -10 -10 -10 -9 -8 -8 -8 -7 -7 -7 -7 -6 -6 -6 -6 -6 -6 ------- Run | Yrd Mat Min Exi Min Mat Gar Mat Fac Low Low Dat Pro Fac Low Low Zio Dee Robot Analysis Total 148 | . 3 . . . . . . . . . 145 . . . . . . Derelict Logs Recovered 13 | . . . . 2 . . . . 2 1 . 1 . 3 1 3 . Drone Launches 8 | . . . . . . . . . . . . . 2 5 1 . . Drone Recoveries 6 | . . . . . . . . . . . . . 1 5 . . . Exploration | -11 -10 -10 -10 -9 -8 -8 -8 -7 -7 -7 -7 -6 -6 -6 -6 -6 -6 ------------- Run | Yrd Mat Min Exi Min Mat Gar Mat Fac Low Low Dat Pro Fac Low Low Zio Dee Turns Passed 20216 | 132 2170 2786 748 2388 92 2031 1440 855 708 795 109 994 529 1051 2119 940 329 Spaces Moved 11559 | 50 956 668 187 491 44 810 537 893 934 802 128 996 645 335 1153 1599 331 Core 4 | 4 . . . . . . . . . . . . . . . . . Treads 2335 | 33 956 668 187 491 . . . . . . . . . . . . . Legs 13 | 13 . . . . . . . . . . . . . . . . . Wheels 1391 | . . . . . 44 810 537 . . . . . . . . . . Hover 7816 | . . . . . . . . 893 934 802 128 996 645 335 1153 1599 331 Flight . | . . . . . . . . . . . . . . . . . . Fastest Speed 48 | 50 160 400 400 400 185 185 150 48 48 48 48 48 48 53 113 53 53 Average Speed 127 | 143 194 400 400 400 185 193 189 49 52 48 48 48 55 53 113 53 53 Slowest Speed 400 | 160 400 400 400 400 185 285 205 108 115 115 48 48 115 113 118 53 150 Overloaded Moves . | . . . . . . . . . . . . . . . . . . Propulsion Burnouts . | . . . . . . . . . . . . . . . . . . Robots Hopped . | . . . . . . . . . . . . . . . . . . Cave-ins Triggered . | . . . . . . . . . . . . . . . . . . Exploration Rate (%) 64 | 4 97 97 54 98 5 85 59 18 89 95 80 84 24 78 88 87 24 Regions Visited 17 Branch Regions 11 Pre-discovered Areas 29 | . . 1 1 1 . . . . 1 . 24 . . . . 1 . Known Exits Taken 10 | . . . . 1 1 . . 1 1 1 1 1 1 1 1 . . Unknown Exits Taken 6 | 1 1 1 1 . . . 1 . . . . . . . . 1 . Scrap Searched 22 | . . 2 . 1 . . . . 7 5 . 1 . 2 1 3 . Spaces Dug 223 | . 10 . . 8 . 24 26 32 9 6 . 16 29 25 38 . . Terrain Destroyed 758 | . 79 23 . 13 . 50 185 32 9 6 . 50 42 25 230 . 14 Melee 93 | . . . . . . . . 32 9 6 . 16 14 1 15 . . Projectile 56 | . . . . . . . 31 . . . . . 2 . 23 . . AOE 609 | . 79 23 . 13 . 50 154 . . . . 34 26 24 192 . 14 Terrain Rammed . | . . . . . . . . . . . . . . . . . . Walls Destroyed . | . . . . . . . . . . . . . . . . . . Machines Disabled . | . . . . . . . . . . . . . . . . . . Actions | -11 -10 -10 -10 -9 -8 -8 -8 -7 -7 -7 -7 -6 -6 -6 -6 -6 -6 --------- Run | Yrd Mat Min Exi Min Mat Gar Mat Fac Low Low Dat Pro Fac Low Low Zio Dee Total 16149 | 81 1170 748 191 870 53 1081 829 1234 1131 1187 149 1471 751 1199 1876 1690 438 Wait 3338 | . 75 28 2 345 3 70 109 150 152 354 . 419 25 852 629 62 63 Move 11542 | 49 955 667 186 490 44 808 536 892 933 801 127 995 644 334 1152 1598 331 Hop . | . . . . . . . . . . . . . . . . . . Pick Up 150 | 7 42 10 1 1 . 17 22 20 5 3 3 5 10 . 2 2 . Fast Attach 49 | 8 5 . . . . 2 8 2 4 4 . 1 3 1 3 8 . Attach 49 | . 1 1 . 2 4 3 5 8 4 2 1 5 3 . 2 3 5 Detach 15 | 2 1 . . . . . 3 1 2 1 . 1 2 . . 2 . Swap 155 | . 10 5 1 6 2 19 20 19 6 5 2 16 14 8 14 3 5 Drop 151 | 1 24 9 1 1 . 14 31 19 10 6 3 4 10 1 5 11 1 Fire 396 | 14 56 28 . 24 . 115 89 2 4 1 . 2 4 1 49 . 7 Melee 182 | . . . . . . . 5 51 11 10 13 16 34 2 20 1 19 Ram . | . . . . . . . . . . . . . . . . . . Kick . | . . . . . . . . . . . . . . . . . . Crush 2 | . 1 . . 1 . . . . . . . . . . . . . Escape Stasis 32 | . . . . . . 32 . . . . . . . . . . . Rewire . | . . . . . . . . . . . . . . . . . . Trap 88 | . . . . . . 1 1 70 . . . 7 2 . . . 7 Miscellaneous . | . . . . . . . . . . . . . . . . . . Route ------- -11/Scrapyard -10/Materials (discovered 6 exits: [*Mat x3] / *Min x2 / [*Sub]) -10/Mines (discovered 3 exits: [*Mat x2] / *Exi) -10/Exiles -9/Mines (discovered 2 exits: *Mat x2) -8/Materials -8/Garrison (discovered 3 exits: *Mat x3) -8/Materials (discovered 2 exits: *Fac x2) -7/Factory -7/Lower Caves -7/Lower Caves (discovered 2 exits: *Fac / *Dat) -7/Data Miner -6/Proximity Caves -6/Factory (discovered 3 exits: Fac / *Low x2) -6/Lower Caves -6/Lower Caves (discovered 2 exits: *Fac / *Zio) -6/Zion (discovered 2 exits: [*Dee] / *Pro) -6/Deep Caves History --------- Turn | Location | Event 4 | -11/Scrapyard | Discovered new exit (range 16) 133 | -11/Scrapyard | Entered Materials 315 | -10/Materials | Build established: Mutant 350 | -10/Materials | Discovered new exit (range 4) 513 | -10/Materials | Discovered new exit (range 4) 577 | -10/Materials | Discovered new exit (range 6) 867 | -10/Materials | Central database locked down 939 | -10/Materials | Discovered new exit (range 5) 1223 | -10/Materials | Discovered new exit (range 13) 1295 | -10/Materials | Discovered new exit (range 9) 2006 | -10/Materials | Build established: Hauler-Mutant 2303 | -10/Materials | Entered Mines 2304 | -10/Mines | Learned location of Storage (-9) 2572 | -10/Mines | Found a hidden stash of uninstalled traps 3149 | -10/Mines | Discovered new exit (range 11) 3210 | -10/Mines | Met a Derelict shopkeep closing up shop 3494 | -10/Mines | Deemed a non-threat by the Exiles lab entrance 3646 | -10/Mines | Discovered new exit (range 9) 5059 | -10/Mines | Discovered new exit (range 5) 5089 | -10/Mines | Entered Exiles 5089 | -10/Exiles | Accompanied by 2 allies 5119 | -10/Exiles | Led the pair of lost Derelicts to a safe place 5181 | -10/Exiles | Met 8R-AWN 5253 | -10/Exiles | Met EX-HEX 5441 | -10/Exiles | Met EX-DEC 5513 | -10/Exiles | Learned location of Zion (-6) 5798 | -10/Exiles | Discovered new exit (range 10) 5837 | -10/Exiles | Entered Mines 5838 | -9/Mines | Assembled infested the area 5857 | -9/Mines | Assisted by bots powering up and referring to "LRC-V3" 6972 | -9/Mines | Core integrity fell below 50% 7629 | -9/Mines | Received a Mining Laser from a helpful Derelict 7832 | -9/Mines | Discovered new exit (range 4) 7950 | -9/Mines | Received a Rocket Launcher from a helpful Derelict 8020 | -9/Mines | Identified exit to Materials 8225 | -9/Mines | Entered Materials 8225 | -8/Materials | Accompanied by 1 ally 8225 | -8/Materials | Evolved 4 slots: Propulsion x1, Utility x3 8317 | -8/Materials | Identified exit to Garrison 8317 | -8/Materials | Entered Garrison 8317 | -8/Garrison | Accompanied by 1 ally 8393 | -8/Garrison | Triggered checkpoint 8503 | -8/Garrison | Triggered checkpoint 8695 | -8/Garrison | Triggered checkpoint 8698 | -8/Garrison | Triggered checkpoint 8700 | -8/Garrison | Triggered checkpoint 8747 | -8/Garrison | Triggered checkpoint 8772 | -8/Garrison | Destroyed 18 combat bots 8937 | -8/Garrison | Triggered checkpoint 9113 | -8/Garrison | Discovered new exit (range 10) 9291 | -8/Garrison | Triggered checkpoint 9373 | -8/Garrison | Discovered new exit (range 14) 9505 | -8/Garrison | Triggered checkpoint 9534 | -8/Garrison | Garrison Relay disabled 9724 | -8/Garrison | Discovered new exit (range 14) 9953 | -8/Garrison | Triggered checkpoint 9995 | -8/Garrison | Garrison Relay disabled 10018 | -8/Garrison | Triggered checkpoint 10095 | -8/Garrison | Attempted to access garrison exit controls, blocked by remote lockdown 10348 | -8/Garrison | Entered Materials 10697 | -8/Materials | Discovered new exit (range 7) 11148 | -8/Materials | First assault squad dispatched 11727 | -8/Materials | Discovered new exit (range 16) 11788 | -8/Materials | Entered Factory 11788 | -7/Factory | Evolved 2 slots: Propulsion x1, Utility x1 12173 | -7/Factory | Build established: Scout 12607 | -7/Factory | Repaired Broken Cmb. Airjet 12635 | -7/Factory | Discovered new exit (range 7) 12638 | -7/Factory | Identified exit to Lower Caves 12643 | -7/Factory | Entered Lower Caves 12649 | -7/Lower Caves | Met a Warlord Commander 12650 | -7/Lower Caves | Learned location of Warlord (-5) 12651 | -7/Lower Caves | Warlord Commander delivered Encrypted Comm Array 12654 | -7/Lower Caves | Found Encrypted Comm Array 12684 | -7/Lower Caves | Build established: Hacker-Scout 12748 | -7/Lower Caves | Learned Factory terminal intel 12754 | -7/Lower Caves | Learned 4 Factory zone layouts 12782 | -7/Lower Caves | Spotted B-75 Beast 12979 | -7/Lower Caves | Discovered new exit (range 9) 13010 | -7/Lower Caves | Build established: Scavenger-Scout 13165 | -7/Lower Caves | Identified exit to Lower Caves 13351 | -7/Lower Caves | Entered another Lower Caves area 13385 | -7/Lower Caves | Found Alien Artifact 13385 | -7/Lower Caves | Identified Core Expander 13385 | -7/Lower Caves | Installed Core Expander, added new Propulsion slot 13421 | -7/Lower Caves | Discovered new exit (range 9) 13753 | -7/Lower Caves | Learned Extension garrison access intel 13753 | -7/Lower Caves | Learned 6 Upper Caves zone layouts 13753 | -7/Lower Caves | Identified exit to Data Miner 13753 | -7/Lower Caves | Identified exit to Factory 13753 | -7/Lower Caves | Learned location of 2 exits from Upper Caves 13784 | -7/Lower Caves | Learned location of 1 exit from Factory 14146 | -7/Lower Caves | Entered Data Miner 14146 | -7/Data Miner | Discovered new exit (range 6) 14156 | -7/Data Miner | Met Data Miner 14164 | -7/Data Miner | Learned location of Section 7 (-2) 14164 | -7/Data Miner | Acquired the access code to Warlord's prototype stash 14171 | -7/Data Miner | Received God Mode back door access code from Data Miner 14187 | -7/Data Miner | Destroyed Data Miner 14191 | -7/Data Miner | Found Prototype Hackware 14193 | -7/Data Miner | Found Prototype Hackware 14195 | -7/Data Miner | Found Prototype Hackware 14196 | -7/Data Miner | Interfaced with the Data Conduit 14254 | -7/Data Miner | Identified exit to Proximity Caves 14255 | -7/Data Miner | Entered Proximity Caves 14850 | -6/Proximity Caves | Learned Factory interactive machine intel 14962 | -6/Proximity Caves | Attracted the attention of an 0b10 checkpoint 15242 | -6/Proximity Caves | Discovered exit to Factory (range 15) 15249 | -6/Proximity Caves | Entered Factory 15249 | -6/Factory | Evolved 2 slots: Power x1, Utility x1 15250 | -6/Factory | Identified exit to Factory 15252 | -6/Factory | Loaded intel: 237 machine locations 15253 | -6/Factory | Loaded intel: 52 interactive machine locations 15254 | -6/Factory | Loaded intel: 26 terminal locations 15276 | -6/Factory | Identified Deep Network Scanner 15277 | -6/Factory | Identified Ghost Barrier 15285 | -6/Factory | Identified exit to Lower Caves 15357 | -6/Factory | Repaired Gravmag System 15597 | -6/Factory | Fabricated Combat Drone Bay? 15778 | -6/Factory | Entered Lower Caves 16005 | -6/Lower Caves | Build established: Hacker-Mutant 16716 | -6/Lower Caves | Discovered new exit (range 93) 16767 | -6/Lower Caves | Learned 4 Factory zone layouts 16772 | -6/Lower Caves | Learned Factory stockpile data 16820 | -6/Lower Caves | Learned location of 2 exits from Factory 16826 | -6/Lower Caves | Identified exit to Lower Caves 16829 | -6/Lower Caves | Entered another Lower Caves area 16875 | -6/Lower Caves | Discovered exit to Factory (range 6) 17701 | -6/Lower Caves | Encountered a Warlord checkpoint 17894 | -6/Lower Caves | Learned Armory emergency access door positions 18025 | -6/Lower Caves | Attracted the attention of an 0b10 base 18147 | -6/Lower Caves | Learned Extension terminal intel 18147 | -6/Lower Caves | Learned 8 Factory zone layouts 18147 | -6/Lower Caves | Learned location of 1 exit from Research 18438 | -6/Lower Caves | Learned location of 2 exits from Factory 18468 | -6/Lower Caves | Build established: Hacker-Assassin 18490 | -6/Lower Caves | Attracted the attention of an 0b10 checkpoint 18943 | -6/Lower Caves | Discovered new exit (range 5) 18947 | -6/Lower Caves | Identified exit to Zion 18948 | -6/Lower Caves | Entered Zion 18949 | -6/Zion | Identified exit to Proximity Caves 18958 | -6/Zion | Learned location of 1 exit from Factory 19168 | -6/Zion | Found Prototype Device 19168 | -6/Zion | Identified Bomb Factory No. 2 19220 | -6/Zion | Found CR-A16's Pointy Stick 19260 | -6/Zion | Build established: Hacker-Scout 19263 | -6/Zion | Acquired unknown access codes intercepted by a Zionite 19283 | -6/Zion | Learned 8 Factory zone layouts 19412 | -6/Zion | Met Imprinter 19503 | -6/Zion | Found Exp. Melee Analysis Suite 19802 | -6/Zion | Build established: Hacker-Gladiator 19877 | -6/Zion | Opened final containment barrier to the Deep Caves 19886 | -6/Zion | Discovered new exit (range 3) 19886 | -6/Zion | Saw the warning signs outside the Deep Caves entrance 19888 | -6/Zion | Entered Deep Caves 20155 | -6/Deep Caves | Attacked by Z-Imprinter 20196 | -6/Deep Caves | Core integrity fell below 50% 20212 | -6/Deep Caves | Core integrity fell below 20% 20217 | -6/Deep Caves | Destroyed by WP-UZR(z) with Zionite Laser-S Last Messages --------------- 20161_ Gravmag System destroyed. 20171_ Antigrav System destroyed. 20171_ Imp. Heat Sink destroyed. 20177_ Z-Imprinter Adv. Phase Shifter severed. 20178_ Gravmag Array destroyed. 20178_ Ghost Barrier destroyed. 20183_ Lrn. Missile Launcher destroyed. 20185_ Exp. Melee Analysis Suite destroyed. 20185_ Hrd. Light Armor Plating destroyed. 20198_ Destroyed Exp. Heat Sink. 20201_ Hvy. Plasma Cannon destroyed. 20202_ Power failure, Mic. Nuclear Core shutdown. 20203_ Hvy. Machine Gun destroyed. 20205_ Deep Network Scanner destroyed. 20205_ Dropped Lrg. Storage Unit. 20208_ The unstable cave ceiling collapses. 20208_ Mic. Nuclear Core destroyed. 20211_ Phasing Sabre destroyed. 20214_ Cmb. Airjet destroyed. Map ----- +----------------------------------------------------+ | ?????????????????????????????????????????????????? | | ???????????????????????????????????????????#####?? | | ??????????????????????????????????????????## ### | | ??????????????????? ???????######????????## | | ????????????????? # ????### ##??????## | | ???????????????? ##### #?????## ^ | | ??????????????? #?????# ## | | ?????????????? ??????## ##### | | ????????????? #???????# #???### | | ???????????? #???????# #?????# | | ??????????? #####???# #?????? | | ?????????? ##"##### #?????? | | ????????? ^ #?????? | | ????????" #?????? | | ???????? ^ #?????? | | ????????" ;##### #?????? | | ????????" z ;;#???# #?????? | | ????????" #???# #?????# | | ???????"" # #???# #????## | | ?????? " #???# #????## | | ????? #???#^ #????## | | ????? ##??# #??#### | | ????" #?## ####### | | ????" z #??# ### | | ?????"" I #?????# ### | | ???????"" @ #?????## #### # | | ????? !!! #??????# ##?## # | | ?????""" !!! ##??????# #??## # | | ??????""" ! ;;#?????? #??## ? | | ???????""" ;;#?????? #??###? | | ????????"" ;#????? ##??###? | | ????????"" #????? ??????? | | ????????" ;#??? " ??????? | | ???????" ;##??? """ ??????? | | ???????? ;#???# "" ??????? | | ????????" ;#???# ??????? | | ????????? #???######??????? | | ?????????? ;#??????????????? | | ??????????? #??????????????? | | ???????????? #??????????????? | | ????????????? #?????????????? | | ?????????????? #?????????????? | | ??????????????? #?????????????? | | ?????????????????# #?????????????? | | ??????????????????## #### #?????????????? | | ???????????????????#####???## ##?????????????? | | ????????????????????????????## ###??????????????? | | ??????????????????????????????##?????????????????? | | ?????????????????????????????????????????????????? | | | +----------------------------------------------------+ Best States ------------- Heat Dissipation 75 Energy Generation 27 Energy Capacity 330 Matter Stores 300 Matter Capacity 300 Sight Range 16 Robot Scan Range 15 Terrain Scan Range 16 Terrain Scan Density 10 Armor Coverage 600 Propulsion Shielding 66 Evasion (%) 55 Melee Accuracy 12 Recoil Reduction 2 Offensive Hacking 25 Defensive Hacking 20 Trap Extractor Capacity 6 Item Schematics ----------------- Huge Storage Unit | -10/Materials | Hacked Arm. Wheel | -8/Materials | Scanalyzed Med. Battery | -8/Materials | Scanalyzed Combat Drone Bay | -7/Data Miner | Free Lgt. Regenerative Plating | -7/Data Miner | Free Cld. Cesium-ion Thruster | -7/Data Miner | Free Thermal Defense Suite | -7/Data Miner | Free Force Rifle | -7/Data Miner | Free Field Propulsion Drive | -7/Data Miner | Free Imp. Transmission Jammer | -7/Data Miner | Free Lrn. Proton Cannon | -7/Data Miner | Free Hyp. Mass Driver | -7/Data Miner | Free Adv. Particle Charger | -7/Data Miner | Free Linear Gravjet | -7/Data Miner | Free Imp. Proton Missile Launcher | -7/Data Miner | Free Imp. Component Analysis Suite | -6/Zion | Archive Imp. Reaction Control System | -6/Zion | Archive Adv. Sensor Array | -6/Zion | Archive Point Defense System | -6/Zion | Archive Centrium Wheel | -6/Zion | Archive Cloaking Device | -6/Zion | Archive Adv. System Shield | -6/Zion | Archive Proton Cannon | -6/Zion | Archive Adv. Plasma Cannon | -6/Zion | Archive Nuclear Pulse Thruster | -6/Zion | Archive Tesla Rifle | -6/Zion | Archive Lyr. Medium Armor Plating | -6/Zion | Archive Hvy. Flak Cannon | -6/Zion | Archive Dispersion Rifle | -6/Zion | Archive Robot Schematics ------------------ A-15 Conveyor | -7/Data Miner | Free G-47 Trooper | -7/Data Miner | Free R-10 Processor | -7/Data Miner | Free L-41 Fighter | -7/Data Miner | Free P-60 Hacker | -6/Zion | Archive K-01 Serf | -6/Zion | Archive M-28 Smith | -6/Zion | Archive Y-72 Warden | -6/Zion | Archive Fabricated ------------ Combat Drone Bay | x1 | -6/Factory Alien Tech Used ----------------- Core Expander Achievements -------------- None Challenges ------------ None Game ------ Seed ActiveRemoteInterpreter Manual? 0 Play Time 03:41:43 Cumulative 1134.6 hours Start 2024.10.19 @ 19:13:52 End 2024.10.24 @ 20:06:01 Sessions 5 Manual Loads 0 Difficulty Rogue Special Mode None Game No. 244 Rogue 212 Adventurer 31 Explorer 1 Win Type - Total 54 Types 35/1/9/7/0/0/2/0/0 Lore% 68 Gallery% 86 Achievement% 81 Wizard Run 0 Options --------- Layout 1 ASCII 0 Keyboard 0 Movement Arrows Keybinds 0 Fullscreen 1 Font 24/Terminus Map View 50x40 Zoom Use 0% Tactical HUD 1 Map Filters NONE Filters NONE Steam 1 RUN: 125c0f9d-8f0c-40c4-9d96-b0ab6095d706